 Dungeon Crawl Stone Soup version 0.24-a0-630-g0d56a851f4 (webtiles) character file.

Game seed: 12466953393825826881, levelgen mode: deterministic

209 Geomchi the Caller (level 5, -3/38 HPs)
             Began as a Vampire Summoner on Sept 20, 2019.
             Was an Initiate of Gozag.
             Slain by Grinder (4 damage)
             ... on level 5 of the Dungeon.
             The game lasted 00:09:21 (4412 turns).

Geomchi the Caller (Vampire Summoner)               Turns: 4412, Time: 00:09:22

Health: -3/38      AC:  4    Str:  7    XL:     5   Next: 55%
Magic:  6/9        EV: 14    Int: 18    God:    Gozag
Gold:   163        SH:  0    Dex: 15    Spells: 3/9 levels left

rFire    . . .     SeeInvis +   b - +0 short sword
rCold    . . .     Gourm    .   (no shield)
rNeg     . . .     Faith    .   a - +0 robe
rPois    .         Spirit   .   (no helmet)
rElec    .         Reflect  .   (no cloak)
rCorr    .         Harm     .   f - +1 pair of gloves
MR       .....                  (no boots)
Stlth    ++........             (no amulet)
HPRegen  0.32/turn              (no ring)
MPRegen  0.11/turn              (no ring)

@: regenerating quickly
A: no food, fangs 3, see invisible, unbreathing
a: Exsanguinate, Potion Petition, Call Merchant, Bribe Branch, Renounce Religion


You were on level 5 of the Dungeon.
You worshipped Gozag.
Gozag was aware of your devotion.
You were alive.

You visited 2 branches of the dungeon, and saw 6 of its levels.

You collected 194 gold pieces.
You paid 31 gold pieces to Gozag.

Inventory:

Hand Weapons
 b - a +0 short sword (weapon)
Armour
 a - a +0 robe (worn)
 f - a +1 pair of gloves (worn)
Scrolls
 c - a scroll of blinking {unknown}
 d - 6 scrolls of identify {unknown}
 e - a scroll of fog {unknown}
 g - a scroll of enchant weapon {unknown}
 h - 2 scrolls of teleportation {unknown}
 i - a scroll of enchant armour {unknown}
 j - a scroll of amnesia {unknown}


   Skills:
 - Level 2.0 Fighting
 + Level 4.0 Dodging
 - Level 3.0 Stealth
 + Level 2.7 Spellcasting
 + Level 5.1 Summonings


You had 3 spell levels left.
You knew the following spells:

 Your Spells              Type           Power        Failure   Level  Hunger
a - Call Imp              Summ           ###.....     3%          2    N/A
b - Summon Small Mammal   Summ           ###.         1%          1    N/A
c - Call Canine Familiar  Summ           ###.....     6%          3    N/A

Your spell library contained the following spells:

 Spells                   Type           Power        Failure   Level  Hunger
 Summon Guardian Golem    Hex/Summ       ##......     19%         3    N/A
 Summon Ice Beast         Ice/Summ       ##......     52%         4    N/A
 Summon Lightning Spire   Summ/Air       ##......     52%         4    N/A

Dungeon Overview and Level Annotations

Branches:
Dungeon (5/15)             Temple (1/1) D:5

Altars:
Cheibriados
Elyvilon
Fedhas
Gozag
Makhleb
Okawaru
Qazlal
Trog
Xom
Yredelemnul
Zin

Annotations:
D:5 Grinder


Innate Abilities, Weirdness & Mutations

You do not eat.
Your natural rate of healing is unusually fast.
You have razor-sharp teeth.
You have supernaturally acute eyesight. (SInv)
You can survive without breathing.


Message History

* * * LOW HITPOINT WARNING * * *
You can move again.
You take 4 damage, and have 5/38 hp.
MP restored: 9 You aren't carrying any potions.
You're too confused!
Your crimson imp closely misses Grinder. x2
Grinder hits you!
* * * LOW HITPOINT WARNING * * *
You take 2 damage, and have 3/38 hp.
You feel less invigorated.
You feel less confused.
Your crimson imp disappears in a puff of smoke!
Your crimson imp hits Grinder.
Grinder barely misses you.
You regained 4 hp, and now have 7/38 hp.
Your crimson imp hits Grinder.
Grinder hits you.
* * * LOW HITPOINT WARNING * * *
You writhe in agony.
You die...
Your body crumbles into a pile of gold.

.# 5## ..##
... .. .#
#.#######.#
####
#...@55..#
#...
#####h###.#
#.## #.#
.## #.# #.#
..# #.# #.#
#.# #.##
#.# #.#
#..# #.#
#.# ##.#.
#.####.#
##..##
#......#
#.#...


You could see Grinder, a friendly hound and a friendly crimson imp.

Vanquished Creatures
  A phantom (D:5)
  A hound (D:4)
  An iguana (D:4)
  A gnoll (D:2)
  An ooze (D:2)
  A dart slug (D:2)
  A bat (D:2)
  A giant cockroach (D:1)
  A hobgoblin (D:1)
  A quokka (D:2)
  2 frilled lizards (D:2)
  A goblin (D:1)
  A rat (D:2)
14 creatures vanquished.

Vanquished Creatures (collateral kills)
  A centaur skeleton (D:5)
  An iguana (D:5)
  3 gnolls (D:2)
  3 adders
  An ooze (D:2)
  An adder skeleton (D:5)
  A worm (D:2)
  A leopard gecko (D:2)
  5 orcs
  9 hobgoblins
  7 jackals
  3 bats
  3 frilled lizards
  6 kobolds
  3 kobold zombies (D:4)
  6 rats
54 creatures vanquished.

Grand Total: 68 creatures vanquished

Notes
Turn   | Place    | Note
-------+----------+-------------------------------------------
     0 | D:1      | Geomchi the Vampire Summoner began the quest for the Orb.
     0 | D:1      | Reached XP level 1. HP: 13/13 MP: 3/3
   802 | D:1      | Reached XP level 2. HP: 20/20 MP: 1/5
   806 | D:1      | Learned a level 2 spell: Call Imp
  1519 | D:2      | Reached skill level 1 in Fighting
  1762 | D:2      | Reached XP level 3. HP: 26/26 MP: 0/6
  1818 | D:2      | Learned a level 3 spell: Call Canine Familiar
  1960 | D:2      | Found a faded altar of an unknown god.
  2721 | D:2      | Reached XP level 4. HP: 33/33 MP: 7/7
  3249 | D:3      | You fall into a shaft and drop 2 floors!
  3249 | D:5      | Entered Level 5 of the Dungeon
  3250 | D:5      | Noticed a phantom
  3294 | D:5      | Found a staircase to the Ecumenical Temple.
  3303 | Temple   | Entered the Ecumenical Temple
  3312 | Temple   | Became a worshipper of Gozag Ym Sagoz the Greedy
  3999 | D:4      | Reached XP level 5. HP: 35/38 MP: 0/8
  4259 | D:5      | Killed a phantom
  4259 | D:5      | Reached skill level 5 in Summonings
  4385 | D:5      | Noticed Grinder
  4408 | D:5      | Paralysed by Grinder for 2 turns
  4412 | D:5      | HP: 1/38 [Grinder (6)]
  4412 | D:5      | Slain by Grinder

Levels and vault maps discovered:
D:1:      minmay_arrival_widening_spiral_narrow, layout_basic
D:2:      layout_basic, first_ration, chequers_ecumenical_altar_simple
D:3:      layout_basic
D:4:      layout_gridville, dancing_weapons_uskayaw, minmay_mini_ossuary,
          uniq_natasha, uniq_ijyb
D:5:      layout_loops_ring, kennysheep_little_box,
          minmay_temple_entry_poolview, uniq_crazy_yiuf_cottage, uniq_grinder
Temple:   minmay_freezing_vapour_temple

Skill      XL: |  1  2  3  4  5 |
---------------+----------------+-----
Fighting       | 1 2 |  2.0
Dodging        | 3 4 |  4.0
Summonings     | 5 |  5.1
Stealth        | |  3.0
Spellcasting   | |  2.7

Action                   |  1- 3 |  4- 6 || total
-------------------------+-------+-------++-------
Melee: Short sword       |    38 |    28 ||    66
       Bite              |     1 |     5 ||     6
 Cast: Summon Small Mamm |    49 |       ||    49
       Call Imp          |    15 |    25 ||    40
       Call Canine Famil |    10 |    14 ||    24
  Use: Potion            |       |     1 ||     1
 Stab: Distracted        |     1 |     1 ||     2
       Sleeping          |     3 |       ||     3
Armor: Robe              |    17 |     5 ||    22
Dodge: Dodged            |    41 |    19 ||    60

Table legend:
 A = Non-vault XP
 B = Vault XP
 C = Vault XP percentage of total XP
 D = Non-vault monster count
 E = Vault monster count
 F = Vault count percentage of total count
                 A         B        C        D         E       F
            +---------+---------+-------+---------+---------+-------
      Total |     296 |       3 |   1.0 |      65 |       3 |   4.4
            +---------+---------+-------+---------+---------+-------
        D:1 |      17 |       0 |   0.0 |      16 |       0 |   0.0
        D:2 |      82 |       0 |   0.0 |      32 |       0 |   0.0
        D:3 |      18 |       0 |   0.0 |       5 |       0 |   0.0
        D:4 |      54 |       3 |   5.3 |       8 |       3 |  27.3
        D:5 |     125 |       0 |   0.0 |       4 |       0 |   0.0
            +---------+---------+-------+---------+---------+-------
